 Dungeon Crawl Stone Soup version 0.20.1-1-g8b1a95d (webtiles) character file.

79 Liatris the Chopper (level 4, -1/34 HPs)
             Began as a Demonspawn Gladiator on Aug 16, 2017.
             Slain by Sigmund
             ... wielding a cursed +0 scythe
              (5 damage)
             ... on level 2 of the Dungeon.
             The game lasted 00:07:03 (1940 turns).

Liatris the Chopper (Demonspawn Gladiator)          Turns: 1940, Time: 00:07:04

Health: -1/34      AC:  4    Str: 14    XL:     4   Next: 16%
Magic:  0/4        EV: 12    Int: 10    God:
Gold:   126        SH:  3    Dex: 15    Spells: 3/3 levels left

rFire    . . .     SeeInvis .   j - +2 falchion (freeze)
rCold    . . .     Gourm    .   f - +0 buckler
rNeg     . . .     Faith    .   b - +0 leather armour
rPois    .         Spirit   +   c - +0 helmet
rElec    .         Reflect  .   (no cloak)
rCorr    .         Harm     .   (no gloves)
MR       .....                  (no boots)
Stlth    +.........             (no amulet)
Regen    0.2/turn               (no ring)
MPRegen  0.2/turn               (no ring)

@: no status effects
A: hooves 1, magic shield, magic regeneration
a: no special abilities


You were on level 2 of the Dungeon.
You were not hungry.

You visited 1 branch of the dungeon, and saw 2 of its levels.

You collected 126 gold pieces.

Inventory:

Hand Weapons
 a - a +0 war axe
 j - a +2 falchion of freezing (weapon)
Missiles
 d - 3 throwing nets (quivered)
Armour
 b - a +0 leather armour (worn)
 c - a +0 helmet (worn)
 f - a +0 buckler (worn)
Comestibles
 g - 3 fruits
 h - a royal jelly


   Skills:
 + Level 2.3 Fighting
 + Level 3.5 Axes
 + Level 1.9 Throwing
 + Level 1.1 Armour
 + Level 3.2 Dodging
 + Level 0.1 Shields


You had 3 spell levels left.
You didn't know any spells.

Dungeon Overview and Level Annotations

Branches:
Dungeon (2/15)

Altars:
Hepliaklqana
Ru
Xom

Annotations:
D:2 Sigmund


Innate Abilities, Weirdness & Mutations

You have large cloven feet.
When hurt, damage is shared between your health and your magic reserves.
You regenerate magic rapidly.


Message History

Sigmund hits you with a scythe! The frilled lizard closely misses you.
You barely miss Sigmund. The frilled lizard misses you.
You riposte.
You slash the frilled lizard! You freeze the frilled lizard.
You kill the frilled lizard!
Sigmund mumbles some strange words.
Sigmund flickers and vanishes!
Deactivating autopickup; reactivate with Ctrl-A.
You hit something. You freeze something. You kick something.
Something hits you but does no damage.
You barely miss something. You kick something.
You hear some strange, mumbled words.
A magic dart appears from out of thin air!
The magic dart hits you!
As you read the scroll labeled YTUILU QETHE, it crumbles to dust.
The creatures around you are filled with an inner flame!
It was a scroll of immolation.
Something hits you.
You closely miss something. Something hits you!
* * * LOW HITPOINT WARNING * * *
You closely miss something. You kick something. Something hits you.
You die...

#..######################..
#..# #...............#.#
#..# #..# #............#
#..# #..# ##...#...#....
#..######..#####.##########
#.............##...###### #
#.##........#...........# #
#.##.###......####..###<#
#.#......{@...# #..# #.#
#.#..###...#..# #..# #.#
#.#..# ##..#..# #..# #(#
#.#..#####.#..# #..# #.#
#..........#.†# #..# #.#
###..#######..# #..# #.#
##...# #..# #..###.#
#..).######..####...##.#
#..[...................#


There were no monsters in sight!

Vanquished Creatures
  Robin (D:2)
  2 adders (D:2)
  A dart slug (D:1)
  5 bats
  11 goblins
  8 hobgoblins
  8 kobolds
  A quokka (D:2)
  4 frilled lizards
  4 rats
45 creatures vanquished.

Notes
Turn   | Place    | Note
-------+----------+-------------------------------------------
     0 | D:1      | Liatris the Demonspawn Gladiator began the quest for the Orb.
     0 | D:1      | Reached XP level 1. HP: 16/16 MP: 1/1
   397 | D:1      | Gained mutation: When hurt, damage is shared between your health and your magic reserves. [demonic ancestry]
   397 | D:1      | Reached XP level 2. HP: 22/22 MP: 2/2
   962 | D:2      | Gained mutation: You regenerate magic rapidly. [demonic ancestry]
   962 | D:2      | Reached XP level 3. HP: 21/27 MP: 3/3
  1192 | D:2      | Found a hazy altar of Hepliaklqana.
  1228 | D:2      | Noticed Sigmund
  1387 | D:2      | Found a sacrificial altar of Ru.
  1455 | D:2      | Noticed Robin
  1460 | D:2      | Reached skill level 1 in Armour
  1466 | D:2      | Killed Robin
  1468 | D:2      | Gained mutation: You have large cloven feet. [demonic ancestry]
  1468 | D:2      | Reached XP level 4. HP: 20/34 MP: 2/4
  1688 | D:2      | Found a shimmering altar of Xom.
  1940 | D:2      | Slain by Sigmund

Skill      XL: |  1  2  3 |
---------------+----------+-----
Dodging        | 3 |  3.2
Axes           | 3 |  3.5
Armour         | 1 |  1.1
Fighting       | |  2.3
Throwing       | |  1.9
Shields        | |  0.1

Action                   |  1- 3 |  4- 6 || total
-------------------------+-------+-------++-------
Melee: War axe           |    81 |    19 ||   100
       Falchion          |       |    10 ||    10
       Kick              |       |     7 ||     7
  Use: Scroll            |     2 |     3 ||     5
       Potion            |     2 |       ||     2
  Eat: Bread ration      |     1 |       ||     1
Armor: Leather armour    |    23 |     6 ||    29
Dodge: Dodged            |    59 |    17 ||    76
Block: Buckler           |    10 |     2 ||    12
       Rpst.: Falchion   |       |     1 ||     1
